 Dungeon Crawl Stone Soup version 0.25-a0-528-g6b7c99946c (webtiles) character file.

Game seed: 16349244269172326524, levelgen mode: deterministic

73873 night the Warrior (level 15, -1/104 HPs)
             Began as a Gargoyle Ice Elementalist on Feb 18, 2020.
             Was the Champion of Ru.
             Slain by a phantasmal warrior (23 damage)
             ... led by a death knight
             ... on level 14 of the Dungeon on Feb 19, 2020.
             The game lasted 01:36:04 (27153 turns).

night the Warrior (Gargoyle Ice Elementalist)      Turns: 27153, Time: 01:36:04

Health: -1/104     AC: 30    Str: 19    XL:     15   Next: 44%
Magic:  15/29      EV:  9    Int: 22    God:    Ru [******]
Gold:   829        SH:  0    Dex: 12    Spells: 7/35 levels left

rFire    + + .     SeeInvis .   a - +3 demon blade (flame)
rCold    x . .     Gourm    .   (shield unavailable)
rNeg     + . .     Faith    .   P - +1 fire dragon scales
rPois    ∞         Spirit   .   O - +2 helmet
rElec    +         Reflect  .   (no cloak)
rCorr    .         Harm     .   J - +0 pair of gloves
MR       .....                  d - +2 pair of boots
Stlth    ..........             (no amulet)
HPRegen  0.27/turn              (ring unavailable)
MPRegen  0.21/turn              M - ring of the Slug {MR+ Str+7 Dex+2}

@: vulnerable, flying
A: big wings, negative energy resistance 1, electricity resistance, unbreathing,
petrification resistance, rot immunity, missing a hand, inability to train
dodging, no charms magic, no hexes magic, no poison magic, magic vulnerability
1, AC +11
a: Stop Flying, Draw Out Power, Power Leap, Apocalypse, Renounce Religion


You were on level 14 of the Dungeon.
You worshipped Ru.
Ru was exalted by your worship.
You were not hungry.

You visited 2 branches of the dungeon, and saw 21 of its levels.

You collected 1465 gold pieces.
You spent 636 gold pieces at shops.

Inventory:

Hand Weapons
 a - a +3 demon blade of flaming (weapon)
 b - the +5 hand crossbow "Upsyov" {freeze, rElec}
   (You bought it in a shop on level 7 of the Dungeon)

   It causes projectiles fired from it to freeze those they strike, causing
   extra injury to most foes and up to half again as much damage against
   particularly susceptible opponents.
   They can also slow down cold-blooded creatures.
   It insulates you from electricity.
 m - a +1 morningstar of protection
 N - a +3 long sword of electrocution
Missiles
 z - 138 bolts
Armour
 d - a +2 pair of boots (worn)
 k - a +0 robe of magic resistance
 t - the +4 ring mail of the Forgotten Orbs {rPois}
   (You found it on level 4 of the Dungeon)

   It protects you from poison.
   If you switch to wearing this armour, your AC will decrease by 1 (30 -> 29).
 J - a +0 pair of gloves (worn)
 O - a +2 helmet (worn)
 P - +1 fire dragon scales (worn)
Magical Staves
 E - an uncursed staff of earth
Jewellery
 h - an uncursed ring of positive energy
 r - an uncursed ring of protection from fire
 M - the ring of the Slug (right hand) {MR+ Str+7 Dex+2}
   (You found it on level 6 of the Lair of Beasts)

   [ring of protection from magic]

   It affects your strength (+7).
   It affects your dexterity (+2).
   It affects your resistance to hostile enchantments.
 Q - an uncursed ring of resist corrosion {unknown}
 R - an uncursed ring of magical power
Wands
 v - a wand of paralysis (13)
 A - a wand of digging (6)
 F - a wand of random effects (22)
 H - a wand of iceblast (16)
 L - a wand of acid (12)
Scrolls
 o - 10 scrolls of remove curse
 p - 11 scrolls of teleportation
 q - 2 scrolls of magic mapping
 s - a scroll of blinking
 u - 3 scrolls of identify
 K - 4 scrolls of fog
 S - a scroll of fear
Potions
 f - 4 potions of brilliance
 g - 4 potions of haste
 i - a potion of berserk rage
 j - 10 potions of heal wounds
 l - 5 potions of curing
 n - 7 potions of degeneration
 x - a potion of cancellation
 y - 5 potions of might
 B - a potion of mutation
 C - 4 potions of resistance
 D - 3 potions of stabbing
 G - a potion of ambrosia
 I - 3 potions of lignification
Comestibles
 c - 40 rations


   Skills:
 + Level 15.7 Fighting
   Level 6.0(8.9) Short Blades
 + Level 10.1(10.8) Long Blades
 - Level 7.1 Armour
 - Level 2.1 Stealth
 - Level 10.9 Spellcasting
 + Level 7.5 Conjurations
 - Level 5.2 Fire Magic
 - Level 10.8 Ice Magic


You had 7 spell levels left.
You knew the following spells:

 Your Spells              Type           Power        Failure   Level  Hunger
a - Freeze                Ice            ####         1%          1    None
b - Frozen Ramparts       Ice            ######       1%          3    None
c - Summon Ice Beast      Ice/Summ       #####...     21%         4    #......
d - Hailstorm             Conj/Ice       ######..     4%          4    #......
e - Fireball              Conj/Fire      #####.....   36%         5    ####...
f - Freezing Cloud        Conj/Ice/Air   #####.....   92%         6    ######.
g - Bolt of Magma         Conj/Fire/Erth ####......   65%         5    ####...

Your spell library contained the following spells:

 Spells                   Type           Power        Failure   Level  Hunger
 Foxfire                  Conj/Fire      ####         1%          1    None
 Conjure Flame            Conj/Fire      #####...     4%          3    None
 Sticky Flame             Conj/Fire      #####...     13%         4    #......
 Beastly Appendage        Tmut           ##....       19%         1    None
 Summon Small Mammal      Summ           ##..         19%         1    None
 Ice Form                 Ice/Tmut       #####...     21%         4    #......
 Call Imp                 Summ           ##......     28%         2    None
 Sticks to Snakes         Tmut           ##......     28%         2    None
 Call Canine Familiar     Summ           ##......     50%         3    None
 Gell's Gravitas          Tloc           ##........   50%         3    None
 Recall                   Summ/Tloc      N/A          50%         3    None
 Animate Dead             Necr           N/A          88%         4    #......
 Petrify                  Tmut/Erth      ##......     88%         4    #......
 Summon Lightning Spire   Summ/Air       ##......     88%         4    #......
 Simulacrum               Ice/Necr       #####.....   97%         6    ######.
 Blade Hands              Tmut           ##........   99%         5    ####...
 Borgnjor's Vile Clutch   Necr/Erth      ##........   99%         5    ####...
 Iron Shot                Conj/Erth      ####......   99%         6    ######.
 Death Channel            Necr           ##........   100%        6    ######.
 Orb of Destruction       Conj           #####.....   100%        7    #######
 Spellforged Servitor     Conj/Summ      ####......   100%        7    #######
 Ozocubu's Armour         Chrm/Ice       Unusable     N/A         3    N/A
 Corona                   Hex            Unusable     N/A         1    N/A
 Sting                    Tmut/Pois      Unusable     N/A         1    N/A
 Inner Flame              Hex/Fire       Unusable     N/A         3    N/A
 Mephitic Cloud           Conj/Pois/Air  Unusable     N/A         3    N/A
 Ignite Poison            Fire/Tmut/Pois Unusable     N/A         3    N/A
 Poisonous Vapours        Pois/Air       Unusable     N/A         2    N/A
 Slow                     Hex            Unusable     N/A         2    N/A
 Confusing Touch          Hex            Unusable     N/A         3    N/A
 Portal Projectile        Hex/Tloc       Unusable     N/A         3    N/A
 Spider Form              Tmut/Pois      Unusable     N/A         3    N/A
 Summon Guardian Golem    Hex/Summ       Unusable     N/A         3    N/A
 Metabolic Englaciation   Hex/Ice        Unusable     N/A         5    N/A
 Iskenderun's Battlesphe  Conj/Chrm      Unusable     N/A         5    N/A
 Cause Fear               Hex            Unusable     N/A         4    N/A
 Leda's Liquefaction      Hex/Erth       Unusable     N/A         4    N/A
 Olgreb's Toxic Radiance  Pois           Unusable     N/A         4    N/A
 Yara's Violent Unravell  Hex/Tmut       Unusable     N/A         5    N/A
 Ring of Flames           Chrm/Fire      Unusable     N/A         7    N/A

Dungeon Overview and Level Annotations

Branches:
Dungeon (15/15)            Temple (0/1) D:4            Lair (6/6) D:10
 Shoals (0/4) Lair:3        Snake (0/4) Lair:3        Slime (0/5) Lair:6
    Orc (0/2) D:10         Vaults (0/5) D:13         Depths (0/5) D:15

Altars:
Ashenzari
Cheibriados
Dithmenos
Fedhas
Gozag
Hepliaklqana
Kikubaaqudgha
Ru
Sif Muna
Wu Jian
Xom
Yredelemnul
Zin
The Shining One

Shops:
D:6 :   D:7 ((:%   D:11 =

Portals:
Abyss: Lair:1

Annotations:
D:13 Rupert
Lair:1 2 transporters, WLBjork's ghost, novice TrMo


Innate Abilities, Weirdness & Mutations

You are resistant to torment.
Your stone body is resilient. (AC +11)
You are immune to poison.
Your large and strong wings let you fly indefinitely.
You resist negative energy. (rN+)
You are resistant to electric shocks. (rElec)
You can survive without breathing.
You are immune to petrification.
You are immune to rotting.
You are missing a hand.
You cannot train Dodging skill.
You cannot study or cast Charms magic.
You cannot study or cast Hexes magic.
You cannot study or cast Poison magic.
You are slightly vulnerable to magic. (MR-)


Message History

You focus your will and slow the phantasmal warrior in retribution!
Your ice beast barely misses the wraith.
The wraith hits your ice beast but does no damage.
You closely miss the phantasmal warrior.
The phantasmal warrior is moderately damaged.
The death knight hits your ice beast with a +0 broad axe!!
Your ice beast dies!
Your ice beast misses the phantasmal warrior.
The phantasmal warrior hits you but does no damage.
Your ice beast misses the wraith.
You hit the phantasmal warrior but do no damage.
The phantasmal warrior is moderately damaged.
Your ice beast closely misses the phantasmal warrior.
The death knight offers itself to Yredelemnul, and fills with unholy energy.
You completely miss the phantasmal warrior.
The phantasmal warrior is moderately damaged.
The phantasmal warrior is no longer blind.
The wraith barely misses your ice beast.
The phantasmal warrior hits you!!
You die...

....... #[....### #
#..∩..... .. #.......
...####+######.....#+
#....................
. ........###....#...#
....##...>YWWY@.......
...........p.W$.......
######################


You could see a death knight, a phantasmal warrior, 2 wraiths and 2 friendly ice
beasts.

Vanquished Creatures
  Gastronok (Lair:2)
  Josephine (Lair:6)
  A fire dragon (D:13)
  5 hydras
  2 centaur warriors
  An anaconda (Lair:6)
  An ogre mage (D:15)
  6 two-headed ogres (D:15)
  A tengu warrior (D:15)
  A vampire mage (D:15)
  Nergalle (Lair:3)
  2 skeletal warriors (D:15)
  A wizard (D:15)
  An unseen horror (D:6)
  A swamp dragon (Lair:6)
  A necromancer (D:15)
  An orc knight (D:13)
  3 cyclopes
  2 oklob plants (Lair:5)
  A manticore (D:15)
  7 black mambas
  A centaur zombie (D:13)
  A torpor snail (Lair:6)
  Joseph (D:10)
  A gargoyle (D:12)
  26 elephants
  8 spiny frogs
  3 rime drakes
  2 yaktaur zombies (D:15)
  2 kobold demonologists
  6 komodo dragons
  5 trolls
  11 polar bears
  2 raiju (Lair:6)
  5 dream sheep (Lair:4)
  A snapping turtle (Lair:3)
  2 blink frogs
  A centaur simulacrum (D:15)
  10 hippogriffs
  A tarantella (shapeshifter) (D:15)
  A vampire (D:15)
  A spriggan (D:13)
  4 wraiths
  A wyvern (Lair:4)
  29 yaks
  17 humans
  4 basilisks
  A hungry ghost (D:13)
  A steam dragon (Lair:6)
  8 vampire mosquitoes
  2 nagas (Lair:3)
  5 wargs
  2 acid dragons (Lair:6)
  A soldier ant (D:13)
  15 hell hounds (Lair:6)
  7 water moccasins
  8 porcupines
  4 orc warriors
  13 black bears
  7 ice beasts
  2 sky beasts
  A phantom (D:9)
  5 ogres
  17 wolves
  18 centaurs
  9 crocodiles
  3 big kobolds
  8 bullfrogs
  2 wyvern skeletons
  7 scorpions
  A tengu zombie (D:15)
  3 howler monkeys
  8 wights
  4 electric eels
  4 crimson imps
  9 hounds
  2 bullfrog skeletons
  12 jellies
  10 orc priests
  2 centaur skeletons
  9 orc wizards
  4 iguanas
  10 worker ants
  A killer bee zombie (D:7)
  A bullfrog simulacrum (D:8)
  A hound skeleton (D:10)
  A killer bee simulacrum (D:8)
  6 gnolls
  13 adders
  6 shadow imps
  6 white imps (D:8)
  A worker ant simulacrum (D:8)
  5 ufetubi (D:8)
  4 oozes
  An adder zombie (D:8)
  A worm (D:2)
  An adder simulacrum (D:8)
  4 dart slugs
  8 leopard geckos
  36 orcs
  2 ball pythons
  9 giant cockroaches
  9 goblins
  7 hobgoblins
  7 jackals
  A quokka (D:8)
  7 bats
  5 frilled lizards
  A jackal simulacrum (D:8)
  A jackal zombie (D:5)
  14 kobolds
  A leopard gecko simulacrum (D:8)
  A leopard gecko skeleton (D:6)
  A leopard gecko zombie (D:6)
  4 rats
  A spectral orc (D:2)
  2 fungi (Lair:5)
  A plant (Lair:5)
581 creatures vanquished.

Vanquished Creatures (collateral kills)
  A fire dragon (Lair:6)
  3 hydras
  5 oklob plants
  4 elephants (Lair:4)
  A spiny frog (Lair:6)
  A rime drake (Lair:6)
  3 komodo dragons (Lair:6)
  2 hippogriffs
  2 blink frogs (Lair:2)
  3 yaks
  A water moccasin (Lair:6)
  A swamp drake (Lair:6)
  A black bear (Lair:6)
  A bullfrog (Lair:4)
  A big kobold (D:13)
  A jelly (Lair:6)
  An iguana (Lair:6)
  A kobold (D:13)
  A plant (Lair:6)
34 creatures vanquished.

Vanquished Creatures (others)
  A quicksilver dragon zombie (D:15)
  A kobold demonologist (D:13)
  2 hippogriffs
  A yak (D:12)
  An ogre (D:5)
  3 centaurs
  A worker ant (D:13)
  2 orcs
  2 fungi (Lair:5)
  20 plants
  A withered plant (D:15)
35 creatures vanquished.

Grand Total: 650 creatures vanquished

Notes
Turn   | Place    | Note
-------+----------+-------------------------------------------
     0 | D:1      | night the Gargoyle Ice Elementalist began the quest for the
                  | Orb.
     0 | D:1      | Reached XP level 1. HP: 10/10 MP: 3/3
   107 | D:1      | Reached XP level 2. HP: 16/16 MP: 0/5
   252 | D:1      | Reached skill level 1 in Fighting
   471 | D:1      | Reached XP level 3. HP: 16/20 MP: 4/6
   543 | D:1      | Learned a level 3 spell: Frozen Ramparts
   864 | D:2      | Reached skill level 2 in Fighting
   885 | D:2      | Reached XP level 4. HP: 16/26 MP: 0/8
  1072 | D:2      | Found a sacrificial altar of Ru.
  1080 | D:2      | Became a worshipper of Ru the Awakened
  1328 | D:2      | Found a glowing golden altar of the Shining One.
  1458 | D:2      | Found a basalt altar of Yredelemnul.
  1630 | D:3      | Learned a level 3 spell: Ozocubu's Armour
  1886 | D:3      | Found a faded altar of an unknown god.
  2100 | D:3      | Reached XP level 5. HP: 26/32 MP: 2/9
  2102 | D:3      | Reached skill level 3 in Fighting
  2102 | D:3      | Reached skill level 5 in Ice Magic
  2265 | D:3      | You fall into a shaft and drop 3 floors!
  2276 | D:5      | Entered Level 5 of the Dungeon
  2282 | D:5      | Found a blossoming altar of Fedhas.
  2306 | D:4      | Reached XP level 6. HP: 31/37 MP: 3/11
  2314 | D:4      | Gained mutation: You are missing a hand. [Ru sacrifice]
  2314 | D:4      | Reached * piety under Ru
  2314 | D:4      | Reached ** piety under Ru
  2314 | D:4      | Reached *** piety under Ru
  2405 | D:4      | Found a staircase to the Ecumenical Temple.
  2822 | D:4      | Reached skill level 4 in Fighting
  2887 | D:4      | Reached XP level 7. HP: 43/43 MP: 9/13
  3055 | D:4      | Learned a level 4 spell: Hailstorm
  3523 | D:4      | Got a spiked ring mail
  3533 | D:4      | Identified the +4 ring mail of the Forgotten Orbs {rPois}
                  | (You found it on level 4 of the Dungeon)
  3691 | D:5      | Reached skill level 5 in Fighting
  3925 | D:5      | Reached skill level 5 in Spellcasting
  3925 | D:5      | Reached XP level 8. HP: 49/49 MP: 4/15
  4800 | D:6      | Found a snail-covered altar of Cheibriados.
  4907 | D:6      | Reached skill level 6 in Fighting
  4952 | D:6      | Gained mutation: You cannot study or cast Poison magic. [Ru
                  | sacrifice]
  4952 | D:6      | Gained mutation: You cannot study or cast Hexes magic. [Ru
                  | sacrifice]
  4952 | D:6      | Gained mutation: You cannot study or cast Charms magic. [Ru
                  | sacrifice]
  4952 | D:6      | Reached **** piety under Ru
  4995 | D:6      | HP: 1/51 [something (9)]
  4997 | D:6      | Noticed an unseen horror
  5000 | D:6      | Killed an unseen horror
  5000 | D:6      | Reached skill level 7 in Fighting
  5000 | D:6      | Reached XP level 9. HP: 15/57 MP: 16/18
  5178 | D:6      | Found an opulent altar of Gozag.
  5231 | D:6      | Found Sigaexut's Book Emporium.
  5409 | D:6      | Reached skill level 8 in Fighting
  5951 | D:7      | Found Xiareq's Weapon Shoppe.
  6001 | D:7      | Found Ynameop's Book Emporium.
  6032 | D:7      | Found Lebb's Food Emporium.
  6171 | D:7      | Found Zamusin's Antique Weapon Boutique.
  6564 | D:7      | Bought a bone hand crossbow for 204 gold pieces
  6564 | D:7      | Identified the +5 hand crossbow "Upsyov" {freeze, rElec}
                  | (You bought it in a shop on level 7 of the Dungeon)
  7024 | D:8      | Reached XP level 10. HP: 51/65 MP: 21/21
  7637 | D:8      | Gained mutation: You cannot train Dodging skill. [Ru
                  | sacrifice]
  7637 | D:8      | Reached ***** piety under Ru
  7696 | D:8      | You fall into a shaft and drop 3 floors!
  7878 | D:11     | Reached skill level 9 in Fighting
  8033 | D:11     | Found Feopry's Jewellery Shop.
  8092 | D:11     | Reached skill level 1 in Short Blades
  8593 | D:10     | Entered Level 10 of the Dungeon
  8676 | D:10     | Reached skill level 2 in Short Blades
  8942 | D:10     | Noticed Joseph
  8962 | D:10     | Killed Joseph
  8962 | D:10     | Reached skill level 10 in Fighting
  9354 | D:10     | Found a staircase to the Orcish Mines.
  9394 | D:10     | HP: 2/68 [acid (14)]
  9429 | D:10     | Upgraded the game from 0.25-a0-523-g9afb2ee040 to
                  | 0.25-a0-528-g6b7c99946c
  9732 | D:10     | Gained mutation: You are slightly vulnerable to magic.
                  | (MR-) [Ru sacrifice]
  9732 | D:10     | Reached ****** piety under Ru
  9754 | D:10     | Got a fine robe
  9764 | D:10     | Identified the +1 robe of the Untouchables {MR+ rCorr} (You
                  | found it on level 10 of the Dungeon)
  9816 | D:10     | Found a staircase to the Lair.
 10583 | D:9      | Found a shadowy altar of Dithmenos.
 10734 | D:9      | Reached XP level 11. HP: 73/73 MP: 17/22
 10765 | D:9      | Found a hazy altar of Hepliaklqana.
 10853 | D:9      | Found a glowing silver altar of Zin.
 10884 | D:9      | Reached skill level 5 in Short Blades
 11030 | D:9      | Reached skill level 11 in Fighting
 11421 | D:8      | Found a shimmering blue altar of Sif Muna.
 11844 | D:8      | Found an ancient bone altar of Kikubaaqudgha.
 11857 | D:8      | Found a shimmering altar of Xom.
 11858 | D:8      | Found an ornate altar of the Wu Jian Council.
 12186 | D:8      | Got a pitted ring mail
 12196 | D:8      | Identified the +1 ring mail "Raunik" {+Inv rElec} (You
                  | found it on level 8 of the Dungeon)
 12211 | D:8      | Learned a level 4 spell: Summon Ice Beast
 12283 | Lair:1   | Entered Level 1 of the Lair of Beasts
 12309 | Lair:1   | Noticed a worldbinder
 12310 | Lair:1   | Found a transporter.
 12358 | Lair:1   | Found a transporter.
 12365 | Lair:1   | Found a one-way gate to the infinite horrors of the Abyss.
 12365 | Lair:1   | Noticed WLBjork's ghost (novice TrMo)
 12365 | Lair:1   | Identified the +2 trident of Midsummer {distort, rN+ Str+4
                  | Int+4}
 12365 | Lair:1   | Noticed a spriggan rider
 12366 | Lair:1   | Noticed a green ugly thing
 12446 | Lair:1   | Noticed a seven-headed hydra
 12457 | Lair:1   | Reached skill level 1 in Long Blades
 12462 | Lair:1   | HP: 6/74 [seven-headed hydra (8)]
 12466 | Lair:1   | Killed a seven-headed hydra
 12854 | Lair:1   | Reached skill level 2 in Long Blades
 13634 | Lair:1   | Found an ornate altar of the Wu Jian Council.
 14343 | Lair:2   | Reached skill level 12 in Fighting
 14349 | Lair:2   | Noticed Gastronok
 14381 | Lair:2   | Killed Gastronok
 14381 | Lair:2   | Reached skill level 10 in Ice Magic
 14381 | Lair:2   | Reached XP level 12. HP: 61/81 MP: 18/24
 14420 | Lair:2   | Noticed a four-headed hydra
 14456 | Lair:2   | Killed a four-headed hydra
 14644 | Lair:2   | HP: 10/81 [black mamba (13)]
 15862 | D:7      | Bought a runed demon blade for 432 gold pieces
 16078 | Lair:3   | Noticed Nergalle
 16115 | Lair:3   | Killed Nergalle
 16551 | Lair:3   | Found a staircase to the Snake Pit.
 16585 | Lair:3   | Reached skill level 5 in Long Blades
 16585 | Lair:3   | Reached skill level 1 in Armour
 17085 | Lair:3   | Found a staircase to the Shoals.
 18181 | Lair:4   | Reached skill level 2 in Armour
 18192 | Lair:4   | Reached skill level 13 in Fighting
 18340 | Lair:4   | Reached XP level 13. HP: 88/88 MP: 26/26
 18469 | Lair:4   | Reached skill level 10 in Spellcasting
 19225 | Lair:4   | Reached skill level 5 in Armour
 20561 | Lair:6   | Entered Level 6 of the Lair of Beasts
 20608 | Lair:6   | Reached skill level 14 in Fighting
 21274 | Lair:6   | Gained mutation: Your large and strong wings let you fly
                  | indefinitely. [Gargoyle growth]
 21274 | Lair:6   | Reached XP level 14. HP: 96/96 MP: 8/28
 21433 | Lair:6   | Noticed Josephine
 21440 | Lair:6   | Learned a level 5 spell: Fireball
 21449 | Lair:6   | Killed Josephine
 21553 | Lair:6   | Reached skill level 1 in Conjurations
 21553 | Lair:6   | Reached skill level 1 in Fire Magic
 21574 | Lair:6   | Found a staircase to the Slime Pits.
 21668 | Lair:6   | Got a flickering golden ring
 21830 | Lair:6   | Reached skill level 2 in Conjurations
 21849 | Lair:6   | Reached skill level 2 in Fire Magic
 22525 | Lair:6   | Identified the ring of the Slug {MR+ Str+7 Dex+2} (You
                  | found it on level 6 of the Lair of Beasts)
 25058 | D:13     | Found a gate to the Vaults.
 25058 | D:13     | Noticed Rupert
 25060 | D:13     | Reached skill level 5 in Conjurations
 25063 | D:13     | Reached skill level 15 in Fighting
 25175 | D:13     | Reached skill level 5 in Fire Magic
 25374 | D:13     | Identified the +7 falchion of Radicalism {drain, rElec
                  | Str+3 Dex+4}
 25492 | D:13     | Learned a level 6 spell: Freezing Cloud
 25646 | D:13     | Learned a level 5 spell: Bolt of Magma
 25700 | D:13     | Reached XP level 15. HP: 102/103 MP: 19/29
 25754 | D:13     | You are sucked into a shaft and drop 2 floors!
 25754 | D:15     | Entered Level 15 of the Dungeon
 25937 | D:15     | Found a staircase to the Depths.
 26259 | D:15     | Reached skill level 10 in Long Blades
 26561 | D:15     | Found a shattered altar of Ashenzari.
 27153 | D:14     | Slain by a phantasmal warrior

Levels and vault maps discovered:
D:1:      minmay_arrival_arboretum_small, layout_basic,
          chequers_serial_rivers_micro_c
D:2:      layout_basic, nicolae_ru_path_of_blood,
          yredelemnul_forgotten_temple_becter, overflow_temple_1_default,
          serial_glass, glass_columns_a, glass_columns_a
D:3:      layout_loops_corners, chequers_ecumenical_altar_grove
D:4:      layout_gridville, minmay_temple_entry_wispy, first_ration
D:5:      layout_cave_pools, fedhas_altar_3, kennysheep_generic_room_13
D:6:      layout_loops_ring, kennysheep_slug_shrine, nicolae_gozag_seed_capital,
          serial_shops, shop
D:7:      layout_loops_ring, serial_shops, shop_statue, shop,
          nicolae_shop_stone, nicolae_shop_waterfront
D:8:      layout_loops_ring, lemuel_crystal_altar,
          gammafunk_temple_overflow_claw, serial_ice, serial_ice_o,
          serial_ice_i, serial_ice_d, serial_ice_m, serial_ice_e, serial_ice_b,
          serial_ice_h, serial_ice_f
D:9:      layout_loops_ring, nicolae_dithmenos_shadow_blocks,
          lemuel_doored_altar, kennysheep_little_box
D:10:     wad_river_or_something, layout_stronghold, lair_entry_dummy,
          erik_orc_4, uniq_joseph
D:11:     layout_grid_maze, serial_shops, nicolae_shop_crystal,
          gauntlet_entry_generic
D:12:     layout_roguey
D:13:     layout_small_grid, david_vaults_3, the_bakery, nicolae_sextant,
          kennysheep_generic_room_7
D:14:     layout_stronghold, serial_ice, serial_ice_l, serial_ice_n,
          serial_ice_a, serial_ice_g, serial_bayou_shore_b
D:15:     gammafunk_depths_entry_grave, layout_loops_ring,
          evilmike_ruin_ashenzari
Lair:1:   layout_hall_layers, gammafunk_ghost_abyssal_escape,
          lemuel_centaur_altar
Lair:2:   layout_cave_pods, st_stairs_8, beast_lair_carwin_7, uniq_gastronok
Lair:3:   layout_gridlike, minmay_shoals_entry_hut,
          minmay_snake_entry_guardpost_small, grunt_megastairs_3, uniq_nergalle
Lair:4:   beast_lair_carwin_large_1, layout_cave_pods
Lair:5:   layout_roguey, serial_bayou_shore_b, minmay_lair_oklob_chamber
Lair:6:   hangedman_lair_caniforms_friends, layout_regular_city,
          guppyfry_lair_end_dragon, minmay_slime_entry_jelly_boxes,
          serial_bayou_pond_e, dpeg_oklob_1, serial_bayou_shore_b,
          uniq_josephine

Skill      XL: |  1  2  3  4  5  6  7  8  9 10 11 12 13 14 15 |
---------------+----------------------------------------------+-----
Fighting       | 1 2 3 4 5 7 8 10 12 13 14 15 | 15.7
Spellcasting   | 3 4 5 6 7 8 9 10 | 10.9
Ice Magic      | 5 6 7 8 9 10 | 10.8
Dodging        | 0 |  0.0
Short Blades   | 4 6 |  6.0
Long Blades    | 3 5 7 9 10 | 10.1
Armour         | 3 6 7 |  7.1
Conjurations   | 5 7 |  7.5
Fire Magic     | 5 |  5.2
Stealth        | |  2.1

Action                   |  1- 3 |  4- 6 |  7- 9 | 10-12 | 13-15 || total
-------------------------+-------+-------+-------+-------+-------++-------
Melee: Unarmed           |     1 |       |       |       |       ||     1
       Dagger            |    41 |    50 |       |       |       ||    91
       Short sword       |       |     7 |    30 |       |       ||    37
       Morningstar       |       |       |   135 |   416 |       ||   551
       Demon blade       |       |       |       |   115 |   671 ||   786
 Fire: Hand crossbow     |       |       |     3 |    12 |     4 ||    19
 Cast: Freeze            |    38 |    21 |    35 |    63 |     8 ||   165
       Frozen Ramparts   |     3 |    11 |    40 |    79 |    91 ||   224
       Ozocubu's Armour  |       |       |     1 |       |       ||     1
       Summon Ice Beast  |       |       |       |    17 |    72 ||    89
       Hailstorm         |       |       |       |    12 |    15 ||    27
Invok: Sacrifice a Hand  |       |     1 |       |       |       ||     1
       Draw Out Power    |       |       |     1 |     1 |       ||     2
       Sacrifice Arcana  |       |       |     1 |       |       ||     1
       Apocalypse        |       |       |       |     2 |       ||     2
       Sacrifice Essence |       |       |       |     1 |       ||     1
       Sacrifice Nimblen |       |       |       |     1 |       ||     1
       Power Leap        |       |       |       |     1 |     1 ||     2
 Abil: Fly               |       |       |       |       |     1 ||     1
Evoke: Wand              |       |       |       |     9 |     4 ||    13
  Use: Scroll            |       |     4 |       |    20 |    13 ||    37
 Stab: Sleeping          |       |     4 |       |     1 |       ||     5
       Distracted        |       |       |     1 |     1 |     8 ||    10
       Paralysed         |       |       |       |    15 |     5 ||    20
       Invisible         |       |       |       |     1 |     4 ||     5
       Petrified         |       |       |       |       |     1 ||     1
  Eat: Chunk             |     1 |     6 |    14 |    33 |    27 ||    81
       Ration            |       |       |       |     3 |     1 ||     4
Armor: Robe              |    28 |    23 |   110 |   112 |       ||   273
       Ring mail         |       |       |       |   290 |   349 ||   639
       Plate armour      |       |       |       |    57 |       ||    57
       Fire dragon scale |       |       |       |       |   237 ||   237
Dodge: Dodged            |    44 |    52 |   160 |   344 |   347 ||   947
       Rpst.: Demon blade |       |       |       |    11 |    65 ||    76

Table legend:
 A = Non-vault XP
 B = Vault XP
 C = Vault XP percentage of total XP
 D = Non-vault monster count
 E = Vault monster count
 F = Vault count percentage of total count
                 A         B        C        D         E       F
            +---------+---------+-------+---------+---------+-------
      Total |   63207 |   42327 |  40.1 |     417 |     204 |  32.9
            +---------+---------+-------+---------+---------+-------
        D:1 |      59 |       0 |   0.0 |      28 |       0 |   0.0
        D:2 |      47 |       1 |   2.1 |      14 |       1 |   6.7
        D:3 |     139 |       0 |   0.0 |      20 |       0 |   0.0
        D:4 |     742 |       0 |   0.0 |      25 |       0 |   0.0
        D:5 |     342 |       0 |   0.0 |      20 |       0 |   0.0
        D:6 |    2555 |       4 |   0.2 |      36 |       1 |   2.7
        D:7 |     376 |       0 |   0.0 |      10 |       0 |   0.0
        D:8 |     579 |    1508 |  72.3 |      14 |      26 |  65.0
        D:9 |    1548 |       0 |   0.0 |      20 |       0 |   0.0
       D:10 |     899 |    1998 |  69.0 |      19 |      26 |  57.8
       D:11 |     785 |       0 |   0.0 |      19 |       0 |   0.0
       D:12 |    4743 |       0 |   0.0 |      29 |       0 |   0.0
       D:13 |    4328 |    5549 |  56.2 |      28 |      20 |  41.7
       D:15 |   12862 |    4844 |  27.4 |      21 |       8 |  27.6
     Lair:1 |    3900 |     344 |   8.1 |      16 |       4 |  20.0
     Lair:2 |    3391 |    3717 |  52.3 |      12 |       8 |  40.0
     Lair:3 |    3306 |    1477 |  30.9 |      12 |       5 |  29.4
     Lair:4 |    9353 |    3884 |  29.3 |      28 |       9 |  24.3
     Lair:5 |    7247 |    1914 |  20.9 |      24 |       5 |  17.2
     Lair:6 |    6006 |   17087 |  74.0 |      22 |      91 |  80.5
            +---------+---------+-------+---------+---------+-------
